 Dungeon Crawl Stone Soup version 0.20.1-1-g8b1a95d (webtiles) character file.

39 digijack the Stinger (level 3, -3/27 HPs)
             Began as a Barachi Wanderer on Dec 2, 2017.
             Slain by a gnoll
             ... wielding a +0 flail
              (9 damage)
             ... on level 2 of the Dungeon.
             The game lasted 00:11:40 (1591 turns).

digijack the Stinger (Barachi Wanderer)             Turns: 1591, Time: 00:11:40

Health: -3/27      AC:  3    Str: 11    XL:     3   Next: 45%
Magic:  1/5        EV: 13    Int: 10    God:
Gold:   57         SH:  0    Dex: 16    Spells: 2/5 levels left

rFire    . . .     SeeInvis .   e - +0 dagger
rCold    . . .     Gourm    .   (no shield)
rNeg     . . .     Faith    .   d - +1 robe
rPois    .         Spirit   .   (no helmet)
rElec    .         Reflect  .   (no cloak)
rCorr    .         Harm     .   (no gloves)
MR       .....                  (no boots)
Stlth    ++........             (no amulet)
Regen    0.1/turn               (no ring)
MPRegen  0.1/turn               (no ring)

@: can't hop, very slightly contaminated, slow
A: +LOS, swims, slowness 1, strong legs 1
a: Hop


You were on level 2 of the Dungeon.
You were not hungry.

You visited 1 branch of the dungeon, and saw 2 of its levels.

You collected 57 gold pieces.

Inventory:

Hand Weapons
 e - a +0 dagger (weapon)
Armour
 d - a +1 robe (worn)
Scrolls
 c - a scroll of teleportation
 f - a scroll of identify
Books
 a - a Young Poisoner's Handbook

   Spells                             Type                      Level
   a - Sting                          Conjuration/Poison           1
   b - Poisonous Vapours              Poison/Air                   2
   c - Mephitic Cloud                 Conjuration/Poison/Air       3
   d - Olgreb's Toxic Radiance        Poison                       4
   e - Venom Bolt                     Conjuration/Poison           5
 b - the Reference Book on Air

   Spells                             Type                      Level
   a - Swiftness                      Charms/Air                   2
   b - Poisonous Vapours              Poison/Air                   2
Comestibles
 g - a meat ration
 h - 2 chunks of flesh
 i - a bread ration


   Skills:
 + Level 1.7 Fighting
 - Level 2.1 Dodging
 + Level 1.6 Stealth
   Level 1.1 Shields
 + Level 1.7 Spellcasting
 + Level 1.3 Conjurations
 + Level 4.7 Poison Magic


You had 2 spell levels left.
You knew the following spells:

 Your Spells              Type           Power        Failure   Level  Hunger
a - Sting                 Conj/Pois      #...         10%         1    ##.....
b - Poisonous Vapours     Pois/Air       #.....       19%         2    ###....


Dungeon Overview and Level Annotations

Branches:
Dungeon (2/15)

Altars:


Innate Abilities, Weirdness & Mutations

Shadows flee at your approach. (+LOS)
You can swim through water.
You cover ground slowly.
You can hop short distances.


Message History

Wisps of poison gas drift from your hands.
The gnoll looks more healthy.
Casting: Sting
Confirm with . or Enter, or press ? or * to list all spells.
Aiming: Sting
Press: ? - help, Shift-Dir - straight line, f/p - gnoll
Aim: a gnoll, wielding a flail and wearing a robe (lightly wounded)
The sting hits the gnoll.
The gnoll is moderately wounded.
The gnoll misses you.
Casting: Sting
Confirm with . or Enter, or press ? or * to list all spells.
Aiming: Sting
Press: ? - help, Shift-Dir - straight line, f/p - gnoll
Aim: a gnoll, wielding a flail and wearing a robe (moderately wounded)
The sting misses the gnoll.
You hit the gnoll but do no damage.
The gnoll is moderately wounded.
The gnoll hits you with a flail!
You die...

#...# #)# #...# #.#
#.(.######.########
#...'..............
#####...#####.#########
...............>.<..#
.........#.#......#.#
..####.#.#.#.<....#.# .
#.#@#.#<..#).#w#
#.#g#.#.#.#..#.#
#.#.#.....####.# .
#.#.#........#
#.#####.######
#.......#
#######.#######
#....!.....
..........########


You could see a gnoll.

Vanquished Creatures
  An adder (D:2)
  2 worms (D:2)
  A dart slug (D:1)
  A leopard gecko (D:1)
  A giant cockroach (D:1)
  2 goblins (D:1)
  2 hobgoblins
  2 bats (D:1)
  A frilled lizard (D:1)
  7 kobolds (D:1)
  2 rats
22 creatures vanquished.

Notes
Turn   | Place    | Note
-------+----------+-------------------------------------------
     0 | D:1      | digijack the Barachi Wanderer began the quest for the Orb.
     0 | D:1      | digijack set off with: a Young Poisoner's Handbook, the Reference Book on Air, a scroll of teleportation, a +0 robe, a +0 dagger, a bread ration
     0 | D:1      | Reached XP level 1. HP: 15/15 MP: 2/2
     2 | D:1      | Learned a level 1 spell: Sting
   460 | D:1      | Reached XP level 2. HP: 11/21 MP: 0/4
   691 | D:1      | Learned a level 2 spell: Poisonous Vapours
   692 | D:1      | Identified the Reference Book on Air
   762 | D:1      | Reached skill level 1 in Conjurations
  1248 | D:2      | Reached XP level 3. HP: 9/26 MP: 0/5
  1591 | D:2      | Slain by a gnoll

Skill      XL: |  1  2 |
---------------+-------+-----
Conjurations   | 1 |  1.3
Fighting       | |  1.7
Dodging        | |  2.1
Stealth        | |  1.6
Shields        | |  1.1
Spellcasting   | |  1.7
Poison Magic   | |  4.7

Action                   || total
-------------------------++-------
Melee: Dagger            ||    63
 Cast: Sting             ||    24
       Poisonous Vapours ||    16
 Abil: Hop               ||     5
  Use: Scroll            ||     3
       Potion            ||     3
  Eat: Bread ration      ||     1
Armor: Robe              ||     4
Dodge: Dodged            ||    42
